 Dungeon Crawl Stone Soup version 0.30-a0-393-g54b8e3be05 (webtiles) character file.

Game seed: 6793393489458832928

317 DrKenneth the Trooper (level 6, -1/56 HPs)
             Began as a Minotaur Fighter on Dec 5, 2022.
             Slain by Crazy Yiuf
             ... wielding a +4 quarterstaff of chaos
              (13 damage)
             ... on level 3 of the Dungeon.
             The game lasted 00:05:33 (2613 turns).

DrKenneth the Trooper (Minotaur Fighter)            Turns: 2613, Time: 00:05:35

Health: -1/56      AC:  8    Str: 23    XL:     6   Next: 20%
Magic:  5/5        EV:  9    Int:  5    God:
Gold:   178        SH:  4    Dex:  9    Spells: 5/5 levels left

rFire   . . .      SeeInvis .    a - +0 war axe
rCold   . . .      Faith    .    c - +0 buckler
rNeg    . . .      Spirit   .    b - +0 scale mail
rPois   .          Reflect  .    (helmet restricted)
rElec   .          Harm     .    (no cloak)
rCorr   .          Rampage  .    j - +0 pair of gloves
Will    .....                    (no boots)
Stlth   ..........               (no amulet)
HPRegen 0.29/turn                (no ring)
MPRegen 0.09/turn                (no ring)

@: no status effects
A: horns 2, retaliatory headbutt
a: no special abilities


You were on level 3 of the Dungeon.
You visited 1 branch of the dungeon, and saw 3 of its levels.

You collected 178 gold pieces.

Inventory:

Hand Weapons
 a - a +0 war axe (weapon)
Missiles
 k - a throwing net (quivered)
Armour
 b - a +0 scale mail (worn)
 c - a +0 buckler (worn)
 j - a +0 pair of gloves (worn)
Jewellery
 n - a ring of wizardry
 p - a +6 ring of strength
Wands
 l - a wand of iceblast (22)
 q - a wand of polymorph (5)
Scrolls
 e - a scroll of torment {unknown}
 i - 5 scrolls of identify {unknown}
 s - a scroll of teleportation {unknown}
 t - a scroll of blinking {unknown}
Potions
 d - a potion of might
 f - 2 potions of haste {unknown}
 g - 3 potions of flight {unknown}
 h - a potion of ambrosia {unknown}
 m - a potion of magic {unknown}
 o - a potion of brilliance {unknown}
 r - a potion of mutation {unknown}
 u - a potion of invisibility {unknown}


   Skills:
 + Level 5.3 Fighting
 + Level 4.4 Axes
 + Level 5.1 Armour
 + Level 5.2 Shields


You had 5 spell levels left.
You didn't know any spells.
Your spell library contained the following spells:

 Spells                   Type           Power      Damage    Failure   Level
 Apportation              Tloc           0%         N/A       86%         1
 Beastly Appendage        Tmut           0%         N/A       86%         1
 Wereblood                Tmut           0%         N/A       94%         2
 Spider Form              Tmut/Pois      0%         N/A       99%         3
 Alistair's Intoxication  Tmut/Pois      0%         N/A       100%        5


Dungeon Overview and Level Annotations

Branches:
Dungeon (3/15)

Altars:
Hepliaklqana

Annotations:
D:3 3 runed translucent doors, Crazy Yiuf; sigtrap's ghost, weakling SpBr


Innate Abilities, Weirdness & Mutations

You have a pair of horns on your head.
You reflexively headbutt those who attack you in melee.


Message History

u - a viscous green potion You now have 164 gold pieces (gained 19).
You open the door.
Found a stone staircase leading down.
There is an open door here.
l - a wand of iceblast (22) (gained 12 charges)
You now have 176 gold pieces (gained 12).
There is a stone staircase leading down here.
You open the door.
There is an open door here.
You now have 178 gold pieces (gained 2).
The kobold shouts! x2; You hear a shout!
Sigtrap's ghost turns its malevolent gaze towards you.
The kobold brigand shouts!
The kobold shouts! x2
Sigtrap's ghost whispers, "Everlasting silence awaits you..."
Could not explore, unopened runed door.
Could not explore, unopened runed door.
As you open the door, it creaks loudly!
There is an open door here.
You open the door.
There is an open door here.
Crazy Yiuf shouts!
Crazy Yiuf grits, "Seed turtle koolooloo!"
You open the door. You barely miss Crazy Yiuf.
Crazy Yiuf hits you with a +4 quarterstaff of chaos!
Crazy Yiuf burns you. Crazy Yiuf barely misses you.
You hit Crazy Yiuf.
Crazy Yiuf is lightly wounded.
Crazy Yiuf hits you with a +4 quarterstaff of chaos!
You hit Crazy Yiuf.
Crazy Yiuf is moderately wounded.
You block Crazy Yiuf's attack.
You hit Crazy Yiuf but do no damage.
Crazy Yiuf is moderately wounded.
Crazy Yiuf hits you with a +4 quarterstaff of chaos!
Crazy Yiuf burns you.
* * * LOW HITPOINT WARNING * * *
Crazy Yiuf hits you with a +4 quarterstaff of chaos!
You die...

#........###...##
#...# ##
#####)#### #####
##.## # #<# #.#
#.###### #####
#.# #......#
#)..# #.#
#.###### #...#
####.# ###
#.....## ...
#....# #..
#.###..# #g#
###### #.#
#.###### #@## #.#
#......# ##.# #.#
######## #.## #.#
##.# #.. ##.##
### ##### ##...#
....# #....#
###.# ##..##
....# ###....#


You could see Crazy Yiuf.

Vanquished Creatures
  Sigmund (D:2)
  Ijyb (D:3)
  Robin (D:2)
  3 adders
  A worm (D:2)
  2 dart slugs
  4 ball pythons
  8 endoplasms
  A giant cockroach (D:1)
  15 goblins
  6 hobgoblins
  7 kobolds
  5 quokkas
  7 bats
  3 frilled lizards
  3 rats
68 creatures vanquished.

Vanquished Creatures (others)
  3 fungi (D:3)
  A plant (D:3)
4 creatures vanquished.

Grand Total: 72 creatures vanquished

Notes
Turn   | Place    | Note
-------+----------+-------------------------------------------
     0 | D:1      | DrKenneth the Minotaur Fighter began the quest for the Orb.
     0 | D:1      | Reached XP level 1. HP: 19/19 MP: 0/0
   238 | D:1      | Reached XP level 2. HP: 27/27 MP: 1/1
   726 | D:1      | Reached XP level 3. HP: 33/33 MP: 2/2
  1160 | D:2      | Found a hazy altar of Hepliaklqana.
  1195 | D:2      | Noticed Sigmund
  1203 | D:2      | Killed Sigmund
  1204 | D:2      | Reached skill level 5 in Fighting
  1204 | D:2      | Reached skill level 5 in Armour
  1204 | D:2      | Reached skill level 5 in Shields
  1204 | D:2      | Reached XP level 4. HP: 33/42 MP: 3/3
  1204 | D:2      | Reached XP level 5. HP: 38/48 MP: 4/4
  1242 | D:2      | Noticed Robin
  1257 | D:2      | Killed Robin
  1262 | D:2      | Reached XP level 6. HP: 33/56 MP: 5/5
  1652 | D:3      | Noticed Ijyb
  1671 | D:3      | Killed Ijyb
  1885 | D:3      | Found a runed translucent gate.
  1895 | D:3      | Found a runed translucent gate.
  1895 | D:3      | Noticed sigtrap's ghost (weakling SpBr)
  1896 | D:3      | Found a runed translucent gate.
  1911 | D:3      | Found a faded altar of an unknown god.
  2340 | D:3      | Found a runed translucent door.
  2341 | D:3      | Noticed Crazy Yiuf
  2613 | D:3      | Slain by Crazy Yiuf

Illustrated notes

Levels and vault maps discovered:
D:1:      lightli_arrival_quake, layout_basic
D:2:      layout_basic, basic_altar, uniq_robin, uniq_sigmund
D:3:      layout_loops_corners, gammafunk_ghost_nasty_kobolds,
          chequers_ecumenical_altar_simple_redux, uniq_ijyb,
          uniq_crazy_yiuf_cottage

Skill      XL: |  1  2  3 |
---------------+----------+-----
Fighting       | 4 5 |  5.3
Armour         | 4 5 |  5.1
Shields        | 4 5 |  5.2
Axes           | 3 4 |  4.4

Action                   |  1- 3 |  4- 6 || total
-------------------------+-------+-------++-------
Melee: War axe           |    83 |    69 ||   152
       Headbutt          |     7 |    11 ||    18
Armor: Scale mail        |    38 |    41 ||    79
       Skin              |       |     9 ||     9
Dodge: Dodged            |    48 |    33 ||    81
Block: Buckler           |    22 |    16 ||    38

Table legend: (Time is in decaauts)
 A = Elapsed time spent in this place.
 B = Non-inter-level travel time spent in this place.
 C = Inter-level travel time spent in this place.
 D = Time resting spent in this place.
 E = Time spent auto-exploring this place.
 F = Levels seen in this place.
 G = Mean time per level.
                   A        B        C        D        E       F      G
               +--------+--------+--------+--------+--------+-----+--------+
         Total |   2667 |   2533 |    134 |     79 |   2014 |   3 |  889.0 |
       Dungeon |   2667 |   2533 |    134 |     79 |   2014 |   3 |  889.0 |
               +--------+--------+--------+--------+--------+-----+--------+

Top non-repeatable levels by time:
     D:3: 979 daAuts
     D:1: 962 daAuts
     D:2: 725 daAuts
